 Dungeon Crawl Stone Soup version 0.28.0 (webtiles) character file.

Game seed: 12840768617792872589

11695 SnakkuSnakku7 the Spear-Bearer (level 11, -1/83 HPs)
             Began as a Vampire Warper on Feb 16, 2022.
             Was a Priest of Nemelex Xobeh.
             Slain by a seven-headed hydra (2 damage)
             ... while petrified by a catoblepas
             ... on level 2 of the Lair of Beasts.
             The game lasted 00:19:21 (11123 turns).

SnakkuSnakku7 the Spear-Bearer (Vampire Warper)    Turns: 11123, Time: 00:19:23

Health: -1/83      AC: 15    Str: 14    XL:     11   Next: 52%
Magic:  0/32       EV:  2    Int: 16    God:    Nemelex Xobeh [***...]
Gold:   267        SH:  0    Dex: 14    Spells: 14/14 levels left

rFire   . . .      SeeInvis +   a - +1 halberd (protect)
rCold   + . .      Faith    .   (shield currently unavailable)
rNeg    + + +      Spirit   +   C - +2 chain mail {rC+}
rPois   ∞          Reflect  .   T - +2 hat {Will+}
rElec   .          Harm     .   K - +0 cloak
rCorr   .          Rampage  .   Q - +0 pair of gloves
Will    ++...                   f - +0 pair of boots
Stlth   ..........              n - amulet of guardian spirit
HPRegen 0.43/turn               m - ring of magical power
MPRegen 0.23/turn               j - ring of magical power

@: petrified, healing quickly
A: alive, fangs 3, see invisible, vampiric 2
a: Exsanguinate, Renounce Religion, Draw Escape, Draw Destruction, Draw
Summoning, Triple Draw


You were on level 2 of the Lair of Beasts.
You worshipped Nemelex Xobeh.
Nemelex Xobeh was most pleased with you.
You visited 2 branches of the dungeon, and saw 12 of its levels.

You collected 620 gold pieces.
You spent 353 gold pieces at shops.

Inventory:

Hand Weapons
 a - a +1 halberd of protection (weapon)
 b - a +2 trident of protection
 v - a +0 falchion
Missiles
 d - 4 boomerangs of dispersal
 u - 8 boomerangs
 S - 2 curare-tipped darts (quivered)
Armour
 f - a +0 pair of boots (worn)
 C - a +2 chain mail of cold resistance (worn)
 K - a +0 cloak (worn)
 Q - a +0 pair of gloves (worn)
 T - a +2 hat of willpower (worn)
 U - the +4 buckler of the Many Ziggurats {Rampage}
   (You found it on level 10 of the Dungeon)

   Rampage:   It bestows one free step when moving towards enemies.
Jewellery
 j - a ring of magical power (right hand)
 m - a ring of magical power (left hand)
 n - an amulet of guardian spirit (around neck)
 p - a +6 ring of dexterity
 E - a ring of fire
 I - a ring of positive energy
Wands
 r - a wand of flame (23)
 F - a wand of iceblast (8)
 H - a wand of charming (5)
 M - a wand of polymorph (12)
Scrolls
 c - 2 scrolls of blinking
 e - a scroll of magic mapping
 h - 2 scrolls of fog
 l - 2 scrolls of enchant weapon
 y - a scroll of amnesia
 z - 4 scrolls of teleportation
 B - a scroll of fear
 D - 3 scrolls of summoning
 P - 2 scrolls of silence
Potions
 g - a potion of haste
 i - 9 potions of curing
 k - a potion of ambrosia
 q - a potion of invisibility
 s - 2 potions of attraction
 x - 4 potions of might
 A - 3 potions of cancellation
 G - 2 potions of flight
 J - a potion of berserk rage
 R - 4 potions of mutation


   Skills:
 + Level 6.5 Fighting
 - Level 5.4 Long Blades
 - Level 14.0 Polearms
 - Level 0.7 Throwing
 - Level 0.7 Armour
 - Level 2.1 Dodging
 - Level 2.0 Spellcasting
 - Level 2.4 Translocations
 - Level 5.0 Evocations


You had 14 spell levels left.
You didn't know any spells.
Your spell library contained the following spells:

 Spells                   Type           Power      Damage    Failure   Level
 Blink                    Tloc           18%        N/A       98%         2
 Sandblast                Erth           2%         2d4       99%         1
 Corpse Rot               Necr/Air       2%         N/A       100%        2
 Passwall                 Tmut/Erth      0%         N/A       100%        2
 Frozen Ramparts          Ice            2%         1d2       100%        3
 Gell's Gravitas          Tloc           9%         N/A       100%        3
 Lesser Beckoning         Tloc           9%         N/A       100%        3
 Stone Arrow              Conj/Erth      2%         3d7       100%        3
 Teleport Other           Tloc           9%         N/A       100%        3
 Dispel Undead            Necr           1%         3d6       100%        4
 Ice Form                 Ice/Tmut       1%         N/A       100%        4
 Summon Ice Beast         Ice/Summ       1%         N/A       100%        4
 Manifold Assault         Tloc           9%         N/A       100%        5
 Death Channel            Necr           0%         N/A       100%        6
 Dispersal                Tloc           4%         N/A       100%        6


Dungeon Overview and Level Annotations

Branches:
Dungeon (10/15)            Temple (0/1) D:6            Lair (1/6) D:10
 Shoals (0/4) Lair:2
    Orc: D:9-12

Altars:
Dithmenos
Hepliaklqana
Nemelex Xobeh
Okawaru
Beogh

Shops:
D:3 [   D:7 !:[[   D:10 *

Portals:
Trove: D:10 (give 5 scrolls of fear)

Annotations:
D:7 Erica
D:9 6 runed translucent doors
Lair:2 Maggie


Innate Abilities, Weirdness & Mutations

Your natural rate of healing is accelerated.
You have razor-sharp teeth.
You have supernaturally acute eyesight. (SInv)
You are afflicted with vampirism and can become a bat while bloodless.


Message History

* * * LOW HITPOINT WARNING * * *
The seven-headed hydra bites you.
* * * LOW HITPOINT WARNING * * *
The seven-headed hydra bites you but does no damage.
The seven-headed hydra bites you!
* * * LOW HITPOINT WARNING * * *
The seven-headed hydra bites you.
* * * LOW HITPOINT WARNING * * *
The seven-headed hydra barely misses you.
The seven-headed hydra bites you but does no damage.
The seven-headed hydra completely misses you.
The seven-headed hydra bites you.
* * * LOW HITPOINT WARNING * * *
The seven-headed hydra bites you but does no damage. x3
The seven-headed hydra bites you. x2
* * * LOW HITPOINT WARNING * * *
The seven-headed hydra bites you!
* * * LOW HITPOINT WARNING * * *
The seven-headed hydra bites you.
* * * LOW HITPOINT WARNING * * *
The seven-headed hydra bites you.
* * * LOW HITPOINT WARNING * * *
The seven-headed hydra bites you.
* * * LOW HITPOINT WARNING * * *
The seven-headed hydra bites you but does no damage.
The water moccasin barely misses you.
The seven-headed hydra bites you but does no damage.
The seven-headed hydra bites you.
* * * LOW HITPOINT WARNING * * *
The seven-headed hydra completely misses you.
The seven-headed hydra bites you but does no damage. x4
The water moccasin bites you.
* * * LOW HITPOINT WARNING * * *
The seven-headed hydra bites you but does no damage. x2
The seven-headed hydra bites you. x2
* * * LOW HITPOINT WARNING * * *
The seven-headed hydra bites you but does no damage. x2
The seven-headed hydra bites you.
You die...
Your body disappears without a glow.
PPPP.PPPP#.
PP...........#.... ...P.PPP# #...................
PPPP#

##..#................
. ...... ...........
.. ##..P.###...
..#.P#..
...#......... .
...........#...
.......D.......
...!...@.......
..##...S.......
###.........
.......P.P
........P.P
.........P.P
..).......P.P
...........P.P


You could see a seven-headed hydra and a water moccasin.

Vanquished Creatures
  Erolcha (D:9)
  A two-headed ogre (D:8)
  3 death yaks (D:10)
  Pikel (D:9)
  A manticore (D:10)
  A merfolk siren (Lair:2)
  Joseph (D:7)
  A cyclops (D:10)
  Maurice (D:8)
  A cane toad (Lair:2)
  Grinder (D:5)
  3 wraiths
  3 wyverns
  4 yaks (D:10)
  2 redbacks (D:9)
  An acid dragon (D:8)
  A water moccasin (D:5)
  Duvessa (D:5)
  7 orc warriors
  2 necrophages (D:6)
  2 ogres
  4 wolves (Lair:2)
  5 centaurs
  A lemure (D:9)
  2 phantoms (D:5)
  A kobold brigand (D:8)
  5 bullfrogs
  Blork the orc (D:6)
  2 wyvern zombies
  2 scorpions
  A wyvern skeleton (D:7)
  Dowan (D:5)
  A water moccasin skeleton (D:5)
  14 wights
  3 centaur zombies
  2 hounds
  6 orc priests
  Natasha (thrice) (D:2)
  2 iguanas
  7 orc wizards
  A mummy (D:7)
  Robin (D:3)
  3 gnolls (D:7)
  4 adders
  A river rat (D:10)
  2 shadow imps (D:7)
  An ufetubus (D:5)
  An adder skeleton (D:4)
  A worm (D:2)
  3 dart slugs
  46 orcs
  4 endoplasms (D:1)
  A giant cockroach (D:1)
  13 goblins
  11 hobgoblins
  4 quokkas
  10 bats
  5 frilled lizards
  2 hobgoblin zombies (D:7)
  13 kobolds
  A kobold zombie (D:7)
  An orc zombie (D:7)
  8 rats
239 creatures vanquished.

Vanquished Creatures (others)
  An orc wizard (D:6)
  6 fungi
  22 plants
29 creatures vanquished.

Grand Total: 268 creatures vanquished

Notes
Turn   | Place    | Note
-------+----------+-------------------------------------------
     0 | D:1      | SnakkuSnakku7 the Vampire Warper began the quest for the
                  | Orb.
     0 | D:1      | Reached XP level 1. HP: 16/16 MP: 3/3
   127 | D:1      | Reached XP level 2. HP: 14/22 MP: 5/5
   756 | D:2      | Gained mutation: You are afflicted with vampirism and can
                  | become a bat while bloodless. [Vampire growth]
   756 | D:2      | Reached XP level 3. HP: 18/27 MP: 6/6
  1075 | D:2      | Noticed Natasha
  1085 | D:2      | Killed Natasha
  1086 | D:2      | Reached XP level 4. HP: 28/33 MP: 7/7
  1544 | D:2      | Noticed Natasha
  1554 | D:2      | Killed Natasha
  1686 | D:2      | Noticed Natasha
  1697 | D:2      | Killed Natasha
  1698 | D:2      | Reached skill level 5 in Long Blades
  1787 | D:3      | Found Leteok's Armour Boutique.
  1792 | D:3      | Bought a +0 helmet for 49 gold pieces
  2192 | D:3      | Reached XP level 5. HP: 33/38 MP: 8/8
  2288 | D:3      | Noticed Robin
  2363 | D:3      | Killed Robin
  2800 | D:4      | Reached skill level 1 in Evocations
  2856 | D:4      | Noticed an ogre
  2908 | D:4      | Killed an ogre
  2909 | D:4      | Reached skill level 1 in Polearms
  2909 | D:4      | Reached XP level 6. HP: 22/44 MP: 9/9
  3019 | D:4      | Reached skill level 2 in Polearms
  3094 | D:4      | Identified the +10 dagger "Vampire's Regret" {freeze,
                  | *Corrode +Blink rPois rF+ Int+3}
  3168 | D:4      | Found a shadowy altar of Dithmenos.
  3458 | D:5      | Entered Level 5 of the Dungeon
  3458 | D:5      | Noticed Duvessa
  3458 | D:5      | Noticed Dowan
  3724 | D:5      | Reached skill level 3 in Polearms
  3745 | D:5      | Reached XP level 7. HP: 14/44 MP: 9/10
  4061 | D:5      | Reached skill level 4 in Polearms
  4126 | D:5      | Killed Dowan
  4144 | D:5      | Noticed Grinder
  4161 | D:5      | Killed Grinder
  4175 | D:5      | Reached XP level 8. HP: 48/55 MP: 11/11
  4267 | D:5      | Killed Duvessa
  4268 | D:5      | Reached skill level 5 in Polearms
  4268 | D:5      | Reached skill level 5 in Evocations
  4344 | D:5      | Found a sparkling altar of Nemelex Xobeh.
  4374 | D:5      | Became a worshipper of Nemelex Xobeh the Trickster
  4410 | D:5      | Reached skill level 6 in Polearms
  4741 | D:6      | Found a staircase to the Ecumenical Temple.
  4848 | D:6      | Reached skill level 7 in Polearms
  5048 | D:6      | Noticed Blork the orc
  5063 | D:6      | Killed Blork the orc
  5132 | D:6      | Reached skill level 8 in Polearms
  5321 | D:7      | Reached XP level 9. HP: 57/61 MP: 12/12
  5339 | D:7      | Noticed Joseph
  5363 | D:7      | Killed Joseph
  5387 | D:7      | Reached skill level 9 in Polearms
  5440 | D:7      | Found Onyukhloubb's Book Shop.
  5513 | D:7      | Found Qeetah's Distillery.
  5609 | D:3      | Bought a +2 chain mail of cold resistance for 236 gold
                  | pieces
  5717 | D:7      | Bought a potion of degeneration for 14 gold pieces
  5972 | D:7      | Reached * piety under Nemelex Xobeh
  6049 | D:7      | Found Zoluudgh's Armour Shop.
  6070 | D:7      | Found Lehor's Armour Boutique.
  6090 | D:7      | Bought a +0 pair of boots for 54 gold pieces
  6130 | D:8      | Received a gift from Nemelex Xobeh
  6211 | D:8      | Noticed Maurice
  6247 | D:8      | Killed Maurice
  6248 | D:8      | Reached skill level 10 in Polearms
  6342 | D:8      | Found a hazy altar of Hepliaklqana.
  6350 | D:8      | Noticed Erica
  6741 | D:8      | Noticed a two-headed ogre
  6752 | D:8      | Killed a two-headed ogre
  6753 | D:8      | Reached skill level 11 in Polearms
  6753 | D:8      | Reached XP level 10. HP: 67/67 MP: 13/13
  7114 | D:9      | Reached ** piety under Nemelex Xobeh
  7114 | D:9      | Received a gift from Nemelex Xobeh
  7443 | D:9      | Noticed Pikel
  7472 | D:9      | Killed Pikel
  7615 | D:9      | Reached skill level 12 in Polearms
  7830 | D:9      | Found a runed translucent door.
  8046 | D:9      | Noticed Erolcha
  8207 | D:9      | Killed Erolcha
  8474 | D:9      | Reached skill level 13 in Polearms
  8947 | D:9      | Found a runed translucent gate.
  8947 | D:9      | Found a runed translucent gate.
  8947 | D:9      | Found a runed translucent gate.
  8947 | D:9      | Found a runed translucent gate.
  8947 | D:9      | Noticed a boulder beetle
  9178 | D:9      | Found a runed translucent gate.
  9180 | D:9      | Found a runed translucent gate.
  9180 | D:9      | Noticed a lindwurm
  9295 | D:10     | Entered Level 10 of the Dungeon
  9349 | D:10     | Found an iron altar of Okawaru.
  9382 | D:10     | Identified the +4 buckler of the Many Ziggurats {Rampage}
  9398 | D:10     | Found a staircase to the Lair.
  9398 | D:10     | Noticed a death yak
  9429 | D:10     | Killed a death yak
  9532 | D:10     | Reached XP level 11. HP: 70/72 MP: 14/14
  9588 | D:10     | Found Koam Asu's Gadget Gallery.
  9645 | D:10     | Noticed a death yak
  9645 | D:10     | Noticed a death yak
  9738 | D:10     | Killed a death yak
  9739 | D:10     | Reached skill level 14 in Polearms
  9752 | D:10     | Killed a death yak
  9829 | D:10     | Found a portal to a secret trove of treasure.
 10277 | D:10     | Reached *** piety under Nemelex Xobeh
 10332 | D:10     | Received a gift from Nemelex Xobeh
 10532 | D:10     | Reached skill level 5 in Fighting
 10737 | Lair:1   | Entered Level 1 of the Lair of Beasts
 10798 | Lair:1   | You fall into a shaft and drop 1 floor!
 10940 | Lair:2   | Found a staircase to the Shoals.
 10992 | Lair:2   | Received a gift from Nemelex Xobeh
 11069 | Lair:2   | Noticed Maggie
 11070 | Lair:2   | Noticed a catoblepas
 11115 | Lair:2   | Noticed a seven-headed hydra
 11121 | Lair:2   | HP: 4/83 [seven-headed hydra (2)]
 11122 | Lair:2   | HP: 1/83 [water moccasin (1)]
 11123 | Lair:2   | Slain by a seven-headed hydra

Illustrated notes

Levels and vault maps discovered:
D:1:      psy_arrival_dodecagon, layout_loops_ring
D:2:      layout_basic, uniq_natasha
D:3:      layout_loops_corners, serial_shops,
          nicolae_shop_temple_entry_statues_fountains, uniq_robin
D:4:      wander_river, layout_basic, mainiacjoe_overflow_concentric_impassable
D:5:      layout_basic, mainiacjoe_overflow_cross_hatched,
          chequers_serial_rivers_large_b, minmay_misc_feat_rugged, uniq_grinder,
          uniq_duvessa
D:6:      layout_rooms, minmay_temple_entry_grid, uniq_blork_the_orc
D:7:      layout_basic, serial_shops, shop, nicolae_shop_crystal,
          nicolae_shop_crystal, shop_statue, chequers_serial_rivers_room_b,
          kennysheep_cluttered_room, minmay_mini_ossuary, uniq_joseph
D:8:      layout_gridville, mainiacjoe_overflow_boulevard, uniq_maurice,
          uniq_erica
D:9:      gammafunk_indiana_jones, layout_basic, special_room
          [special_room_orc], uniq_pikel, uniq_erolcha
D:10:     layout_cave_pods, lemuel_round_altar, dpeg_lair_monsters,
          nicolae_trove_entry_free_sample, minivault_20, nicolae_shop_gadgets
Lair:1:   layout_misc_corridors, basic_altar, serial_bayou, serial_bayou_pond_b,
          serial_bayou_pond_e, serial_bayou_ford_a, serial_bayou_lake_a
Lair:2:   hellmonk_warped_wall, layout_gridlike,
          minmay_shoals_entry_lonely_mermaid, serial_forest,
          infiniplex_forest_zigzag_1, infiniplex_forest_straight_4,
          infiniplex_forest_end_double, infiniplex_forest_straight_3,
          infiniplex_forest_end_3, infiniplex_forest_zigzag_1,
          infiniplex_forest_lined_room_, infiniplex_forest_end_3,
          infiniplex_forest_straight_2, uniq_maggie

Skill      XL: |  1  2  3  4  5  6  7  8  9 10 11 |
---------------+----------------------------------+-----
Long Blades    | 3 4 5 |  5.4
Evocations     | 2 3 4 5 |  5.0
Polearms       | 1 3 4 8 11 13 14 | 14.0
Fighting       | 6 |  6.5
Throwing       | |  0.7
Armour         | |  0.7
Dodging        | |  2.1
Spellcasting   | |  2.0
Translocations | |  2.4

Action                   |  1- 3 |  4- 6 |  7- 9 | 10-12 || total
-------------------------+-------+-------+-------+-------++-------
Melee: Falchion          |   106 |   106 |       |       ||   212
       Bite              |    18 |    22 |    62 |   101 ||   203
       Punch             |     2 |     5 |    12 |     1 ||    20
       Trident           |       |    85 |   498 |   653 ||  1236
       Halberd           |       |       |       |   157 ||   157
Throw: Boomerang         |       |     1 |       |       ||     1
       Dart              |       |       |     7 |    12 ||    19
 Abil: Exsanguinate      |       |       |       |     1 ||     1
       Revivify          |       |       |       |     1 ||     1
Evoke: Wand              |       |     4 |    17 |     1 ||    22
  Use: Scroll            |       |     5 |     5 |    11 ||    21
       Potion            |       |       |     1 |       ||     1
Armor: Leather armour    |     5 |       |       |       ||     5
       Ring mail         |    56 |    36 |       |       ||    92
       Scale mail        |       |    70 |   165 |       ||   235
       Chain mail        |       |       |    96 |   400 ||   496
Dodge: Dodged            |    62 |   124 |   184 |   162 ||   532
Block: Buckler           |       |       |       |    59 ||    59
